 Dungeon Crawl Stone Soup version 0.28-a0-811-g00180f5fcc (webtiles) character file.

Game seed: 5747847089905634301

1618 Decritt the Fighter (level 8, -4/56 HPs)
             Began as a Gargoyle Fighter on Nov 8, 2021.
             Slain by a vampire (5 damage)
             ... on level 6 of the Dungeon.
             The game lasted 00:17:57 (5857 turns).

Decritt the Fighter (Gargoyle Fighter)              Turns: 5857, Time: 00:17:57

Health: -4/56      AC: 18    Str: 22    XL:     8   Next: 96%
Magic:  8/8        EV: 11    Int:  9    God:
Gold:   107        SH:  0    Dex:  9    Spells: 7/7 levels left

rFire   . . .      SeeInvis .   t - +1 whip (freeze)
rCold   . . .      Faith    .   c - +0 buckler
rNeg    + + .      Spirit   .   v - +2 ring mail {rN+}
rPois   ∞          Reflect  +   g - +0 helmet
rElec   +          Harm     .   b - scarf {repulsion}
rCorr   .          Rampage  .   f - +0 pair of gloves
Will    .....                   q - +1 pair of boots
Stlth   ..........              h - amulet of reflection
HPRegen 0.18/turn               (no ring)
MPRegen 0.11/turn               (no ring)

@: confused, hasted, studying Fighting, repel missiles, very quick
A: sickness immunity, AC +5, negative energy resistance 1, electricity
resistance, torment resistance 1, petrification resistance
a: no special abilities


You were on level 6 of the Dungeon.
You visited 1 branch of the dungeon, and saw 6 of its levels.

You collected 251 gold pieces.
You spent 144 gold pieces at shops.

Inventory:

Hand Weapons
 p - a +3 hand axe of electrocution
 t - a +1 whip of freezing (weapon)
Missiles
 w - 2 boomerangs (quivered)
Armour
 b - a scarf of repulsion (worn)
 c - a +0 buckler (worn)
 f - a +0 pair of gloves (worn)
 g - a +0 helmet (worn)
 q - a +1 pair of boots (worn)
 v - a +2 ring mail of positive energy (worn)
Jewellery
 h - an amulet of reflection (around neck)
Scrolls
 a - a scroll of teleportation {unknown}
 e - a scroll of brand weapon {unknown}
 i - a scroll of fog
 k - 2 scrolls of blinking
 n - a scroll of enchant weapon
Potions
 j - a potion of invisibility {unknown}
 m - 2 potions of attraction {unknown}
 r - 2 potions of berserk rage {unknown}
 u - a potion of curing {unknown}


   Skills:
 + Level 9.3 Fighting
 * Level 7.0 Maces & Flails
 + Level 6.0 Armour
 + Level 2.2 Dodging
 - Level 3.2 Shields


You had 7 spell levels left.
You didn't know any spells.
Your spell library contained the following spells:

 Spells                   Type           Power      Damage    Failure   Level
 Corpse Rot               Necr/Air       0%         N/A       71%         2
 Ensorcelled Hibernation  Hex/Ice        0%         N/A       71%         2
 Poisonous Vapours        Pois/Air       0%         N/A       71%         2
 Static Discharge         Conj/Air       0%         N/A       71%         2
 Tukima's Dance           Hex            0%         N/A       90%         3
 Animate Armour           Summ/Erth      0%         N/A       100%        4
 Dispel Undead            Necr           0%         3d6       100%        4
 Sticky Flame             Conj/Fire      0%         2d3       100%        4
 Blade Hands              Tmut           0%         N/A       100%        5
 Iron Shot                Conj/Erth      0%         9d1       100%        6


Dungeon Overview and Level Annotations

Branches:
Dungeon (6/15)
 Temple: D:4-7

Altars:

Shops:
D:4 *


Innate Abilities, Weirdness & Mutations

You are immune to sickness and miasma.
Your stone body is resilient. (AC +5)
You are immune to poison.
You resist negative energy. (rN+)
You are resistant to electric shocks. (rElec)
You are resistant to unholy torment.
You are immune to petrification.


Message History

The vampire mumbles some strange words.
The vampire flickers and vanishes!
Deactivating autopickup; reactivate with Ctrl-A.
You hit something. You freeze something. You hit something but do no damage.
Something hits you. Something bites you but does no damage.
You completely miss something.
You hear some strange, mumbled words.
You are confused.
You bump into the rock wall.
Something hits you. Something bites you but does no damage.
You bump into the rock wall.
Something barely misses you. Something bites you but does no damage.
You bump into the rock wall.
Something hits you but does no damage. Something bites you but does no damage.
You bump into the rock wall.
Something hits you. Something bites you.
You bump into the rock wall.
You feel less confused. Something hits you. Something bites you.
You hit something. You freeze something. You block something's attack.
Something bites you.
You miss something. You block something's attack.
Something bites you but does no damage.
Unknown command.
You whack something! You freeze something. You hit something but do no damage.
Something hits you.
* * * LOW HITPOINT WARNING * * *
Something bites you.
* * * LOW HITPOINT WARNING * * *
You hit something but do no damage.
You hear some strange, mumbled words.
You are confused.
You bump into the rock wall.
Something hits you!
* * * LOW HITPOINT WARNING * * *
Something bites you.
* * * LOW HITPOINT WARNING * * *
You feel yourself speed up. Something hits you!
* * * LOW HITPOINT WARNING * * *
Something bites you.
You die...

#..........## #...........#
#...........# #...........#
#...........#
#########################..
#...........V..........###)
#.####################.# #.
#.# #<(..@{...# #.# ## #.#
#########.## #{# #
#.#####.........# #.# ##
#...............# #.# #o
######..........# #.# #.
#..........# #.# #.
#..........# #)###.
#..........# #.....
#..........# ######


There were no monsters in sight!

Vanquished Creatures
  Pikel (D:5)
  A water moccasin (D:6)
  An ice beast (D:5)
  A black bear (D:6)
  A centaur (D:6)
  An ogre (D:4)
  A lemure (D:6)
  3 phantoms
  Blork the orc (D:5)
  A scorpion (D:4)
  2 orc priests
  3 orc wizards
  7 gnolls (D:4)
  4 adders
  A shadow imp (D:6)
  An adder skeleton (D:4)
  A worm (D:4)
  20 orcs
  6 bats
  5 endoplasms
  2 giant cockroaches
  12 goblins
  4 hobgoblins
  2 jackals (D:3)
  5 quokkas
  2 ball pythons
  2 frilled lizards
  3 kobolds (D:2)
  5 rats
99 creatures vanquished.

Vanquished Creatures (collateral kills)
  An adder (D:5)
1 creature vanquished.

Grand Total: 100 creatures vanquished

Notes
Turn   | Place    | Note
-------+----------+-------------------------------------------
     0 | D:1      | Decritt the Gargoyle Fighter began the quest for the Orb.
     0 | D:1      | Reached XP level 1. HP: 14/14 MP: 1/1
   213 | D:1      | Reached XP level 2. HP: 19/20 MP: 2/2
   436 | D:1      | Reached skill level 4 in Fighting
  1154 | D:2      | Reached XP level 3. HP: 24/24 MP: 3/3
  1377 | D:2      | Found a faded altar of an unknown god.
  2209 | D:3      | Reached XP level 4. HP: 25/30 MP: 4/4
  2285 | D:3      | Noticed a phantom
  2301 | D:3      | Killed a phantom
  2302 | D:3      | Reached skill level 5 in Fighting
  2302 | D:3      | Reached XP level 5. HP: 26/35 MP: 5/5
  2922 | D:4      | Reached skill level 6 in Fighting
  2928 | D:4      | Reached XP level 6. HP: 37/41 MP: 6/6
  3299 | D:4      | Found Iriabbej's Neck Hole.
  3303 | D:4      | Bought a scarf of repulsion for 144 gold pieces
  3533 | D:4      | Identified the +3 quarterstaff of Exquisite Torment
                  | {vorpal, rElec rPois}
  3687 | D:5      | Entered Level 5 of the Dungeon
  3693 | D:5      | Identified a scroll of acquirement
  3693 | D:5      | Acquired a manual of Fighting
  3741 | D:5      | Noticed Blork the orc
  3785 | D:5      | Killed Blork the orc
  3786 | D:5      | Reached XP level 7. HP: 22/47 MP: 7/7
  3990 | D:4      | Reached skill level 7 in Fighting
  4149 | D:5      | Reached skill level 5 in Maces & Flails
  4454 | D:5      | Reached skill level 8 in Fighting
  4454 | D:5      | Reached skill level 5 in Armour
  4758 | D:6      | Noticed Pikel
  4842 | D:6      | Reached XP level 8. HP: 54/54 MP: 8/8
  4851 | D:5      | Killed Pikel
  4852 | D:5      | Reached skill level 9 in Fighting
  4852 | D:5      | Reached skill level 1 in Dodging
  5286 | D:6      | Noticed a vampire
  5857 | D:6      | HP: 1/56 [something (8)]
  5857 | D:6      | Slain by a vampire

Illustrated notes

Levels and vault maps discovered:
D:1:      grunt_arrival_crossed_arrows, layout_basic, chequers_jeans,
          minmay_heptomino_d4
D:2:      layout_basic, chequers_ecumenical_altar_simple_redux,
          minmay_statues_item
D:3:      layout_loops_ring
D:4:      layout_rooms, nicolae_shop_sticking_my_neck_out
D:5:      layout_gridville, gup_sewer_entry_pipe, uniq_blork_the_orc
D:6:      layout_basic, amcnicky_altar_gilded, serial_shops, shop,
          minmay_misc_feat_enclosed, uniq_pikel

Skill      XL: |  1  2  3  4  5  6  7  8 |
---------------+-------------------------+-----
Fighting       | 4 5 6 8 9 |  9.3
Maces & Flails | 3 4 5 7 |  7.0
Armour         | 5 6 |  6.0
Dodging        | 2 |  2.2
Shields        | |  3.2

Action                   |  1- 3 |  4- 6 |  7- 9 || total
-------------------------+-------+-------+-------++-------
Melee: Flail             |   113 |    32 |       ||   145
       Hand axe          |       |    86 |    63 ||   149
       Whip              |       |       |    99 ||    99
Throw: Dart              |    11 |    50 |    32 ||    93
       Boomerang         |       |       |     2 ||     2
  Use: Scroll            |       |    10 |       ||    10
       Potion            |       |       |     4 ||     4
Armor: Scale mail        |    51 |    38 |       ||    89
       Ring mail         |       |    17 |    68 ||    85
       Skin              |       |     1 |       ||     1
Dodge: Dodged            |    51 |    41 |    56 ||   148
       Repelled          |       |     2 |     1 ||     3
Block: Buckler           |    48 |    52 |    52 ||   152
       Reflection        |       |     3 |     3 ||     6

Table legend: (Time is in decaauts)
 A = Elapsed time spent in this place.
 B = Non-inter-level travel time spent in this place.
 C = Inter-level travel time spent in this place.
 D = Time resting spent in this place.
 E = Time spent auto-exploring this place.
 F = Levels seen in this place.
 G = Mean time per level.
                   A        B        C        D        E       F      G
               +--------+--------+--------+--------+--------+-----+--------+
         Total |   5901 |   5774 |    127 |    850 |   3630 |   6 |  983.5 |
       Dungeon |   5901 |   5774 |    127 |    850 |   3630 |   6 |  983.5 |
               +--------+--------+--------+--------+--------+-----+--------+

Top non-repeatable levels by time:
     D:5: 1253 daAuts
     D:1: 1163 daAuts
     D:4: 1131 daAuts
     D:2: 835 daAuts
     D:6: 766 daAuts
     D:3: 752 daAuts
